3A
YORK REVOLUTION @ MYRTLE BEACH SEAHAWKS
08/01/2024
 
TOP OF THE 1ST
York Revolution batting - Pitching for Myrtle Beach Seahawks : RHP Quentin Bowers
Pitching: RHP Quentin Bowers
Batting: RHB José Urruticodez 0-0: Ball
1-0: Called Strike
1-1: Foul Ball, location: 2F
1-2: Strikes out swinging
Batting: LHB Jesús Reyes 0-0: Ball
1-0: Fly out, F9 (Flyball, 89D)
Batting: SHB Zuberi Mccray 0-0: Ball
1-0: Ball
2-0: Swinging Strike
2-1: Ball
3-1: Base on Balls
Batting: LHB Ángelo Hernández 0-0: Ball
1-0: Called Strike
1-1: Foul Ball, location: 2F
1-2: Strikes out looking
Top of the 1st over - 0 run(s), 0 hit(s), 0 error(s), 1 left on base; York 0 - Myrtle Beach 0
BOTTOM OF THE 1ST
Myrtle Beach Seahawks batting - Pitching for York Revolution : LHP Ramón García
Pitching: LHP Ramón García
Batting: RHB Rodney Dudley 0-0: Ball
1-0: Ball
2-0: Ball
3-0: Foul Ball, location: 2F
3-1: Foul Ball, location: 2F
3-2: Strikes out looking
Batting: LHB Ramón Castro 0-0: Called Strike
0-1: Called Strike
0-2: Ball
1-2: Fly out, F6 (Popup, 6D)
Batting: SHB Bill Peterson 0-0: Called Strike
0-1: Ball
1-1: Foul Ball, location: 2F
1-2: Foul Ball, location: 2F
1-2: Ball
2-2: Foul Ball, location: 2F
2-2: Fly out, F8 (Flyball, 8RM)
Bottom of the 1st over - 0 run(s), 0 hit(s), 0 error(s), 0 left on base; York 0 - Myrtle Beach 0
TOP OF THE 2ND
York Revolution batting - Pitching for Myrtle Beach Seahawks : RHP Quentin Bowers
Batting: LHB Harold Wiggins 0-0: Ball
1-0: Called Strike
1-1: Ball
2-1: Ball
3-1: Called Strike
3-2: Strikes out swinging
Batting: LHB Marcos Deleón 0-0: Called Strike
0-1: Called Strike
0-2: Ball
1-2: Strikes out swinging
Batting: RHB Carlos Meléndez 0-0: Called Strike
0-1: Called Strike
0-2: Ball
1-2: Fly out, F7 (Flyball, 78M)
Top of the 2nd over - 0 run(s), 0 hit(s), 0 error(s), 0 left on base; York 0 - Myrtle Beach 0
BOTTOM OF THE 2ND
Myrtle Beach Seahawks batting - Pitching for York Revolution : LHP Ramón García
Batting: RHB León Sánchez 0-0: Ball
1-0: Called Strike
1-1: Ball
2-1: Ball
3-1: Base on Balls
Batting: LHB Tae-sang Han 0-0: Called Strike
León Sánchez is caught stealing 2nd base
0-1: SINGLE (Groundball, 6M)
Batting: LHB Gabriel López 0-0: Called Strike
0-1: Ball
1-1: Swinging Strike
1-2: Ball
2-2: Ball
3-2: Strikes out swinging
Batting: RHB Jorge Flores 0-0: Ball
1-0: SINGLE (Groundball, 34)
Tae-sang Han to second
Runner from 2nd tries for 3rd, SAFE, throw made to third
Batting: RHB Manuel Rodríguez 0-0: Foul Ball, location: 2F
0-1: Ball
1-1: Fly out, F6 (Popup, 6MS)
Bottom of the 2nd over - 0 run(s), 2 hit(s), 0 error(s), 2 left on base; York 0 - Myrtle Beach 0
TOP OF THE 3RD
York Revolution batting - Pitching for Myrtle Beach Seahawks : RHP Quentin Bowers
Batting: RHB Dave Hastings 0-0: Swinging Strike
0-1: Foul Ball, location: 2F
0-2: Ball
1-2: Strikes out swinging
Batting: RHB Chano Guzmán 0-0: Ball
1-0: Foul Ball, location: 2F
1-1: Ball
2-1: Ball
3-1: Base on Balls
Batting: RHB José Urruticodez 0-0: Fly out, F9 (Flyball, 9LM)
Batting: LHB Jesús Reyes 0-0: Ball
1-0: Ball
2-0: Called Strike
2-1: Ball
3-1: Foul Ball, location: 2F
3-2: Foul Ball, location: 2F
3-2: Foul Ball, location: 2F
3-2: Foul Ball, location: 2F
3-2: SINGLE (Groundball, 4)
Chano Guzmán to second
Chano Guzmán to third
Batting: SHB Zuberi Mccray 0-0: Called Strike
0-1: Ball
1-1: Ball
2-1: Ball
3-1: Swinging Strike
3-2: Strikes out swinging
Top of the 3rd over - 0 run(s), 1 hit(s), 0 error(s), 2 left on base; York 0 - Myrtle Beach 0
BOTTOM OF THE 3RD
Myrtle Beach Seahawks batting - Pitching for York Revolution : LHP Ramón García
Batting: RHB Pedro Méndez 0-0: Called Strike
0-1: Ball
1-1: Ground out 5-3 (Groundball, 5L)
Batting: RHB Rodney Dudley 0-0: Foul Ball, location: 2F
0-1: Fly out, F9 (Flyball, 9M)
Batting: LHB Ramón Castro 0-0: Ball
1-0: Ball
2-0: Foul Ball, location: 2F
2-1: Swinging Strike
2-2: Foul Ball, location: 2F
2-2: Strikes out swinging
Bottom of the 3rd over - 0 run(s), 0 hit(s), 0 error(s), 0 left on base; York 0 - Myrtle Beach 0
TOP OF THE 4TH
York Revolution batting - Pitching for Myrtle Beach Seahawks : RHP Quentin Bowers
Batting: LHB Ángelo Hernández 0-0: Called Strike
0-1: Fly out, F7 (Flyball, 78D)
Batting: LHB Harold Wiggins 0-0: Ball
1-0: Swinging Strike
1-1: Swinging Strike
1-2: Ball
2-2: Foul Ball, location: 2F
2-2: Ball
3-2: Strikes out swinging
Batting: LHB Marcos Deleón 0-0: Fly out, F7 (Popup, 56D)
Top of the 4th over - 0 run(s), 0 hit(s), 0 error(s), 0 left on base; York 0 - Myrtle Beach 0
BOTTOM OF THE 4TH
Myrtle Beach Seahawks batting - Pitching for York Revolution : LHP Ramón García
Batting: SHB Bill Peterson 0-0: Ground out 5-3 (Groundball, 5)
Batting: RHB León Sánchez 0-0: Ball
1-0: Foul Ball, location: 2F
1-1: Ball
2-1: Foul Ball, location: 2F
2-2: Strikes out swinging
Batting: LHB Tae-sang Han 0-0: Ball
1-0: Swinging Strike
1-1: Ball
2-1: Ball
3-1: Base on Balls
Batting: LHB Gabriel López 0-0: Swinging Strike
0-1: Swinging Strike
0-2: Ball
1-2: Strikes out swinging
Bottom of the 4th over - 0 run(s), 0 hit(s), 0 error(s), 1 left on base; York 0 - Myrtle Beach 0
TOP OF THE 5TH
York Revolution batting - Pitching for Myrtle Beach Seahawks : RHP Quentin Bowers
Batting: RHB Carlos Meléndez 0-0: Called Strike
0-1: Ground out 6-3 (Groundball, 6)
Batting: RHB Dave Hastings 0-0: Called Strike
0-1: Foul Ball, location: 2F
0-2: Ball
1-2: Ball
2-2: Strikes out swinging
Batting: RHB Chano Guzmán 0-0: Ball
1-0: Ball
2-0: Called Strike
2-1: Swinging Strike
2-2: Ball
3-2: SINGLE (Line Drive, 4MD)
Batting: RHB José Urruticodez 0-0: Ball
Wild Pitch!
Chano Guzmán to second
1-0: SINGLE (Groundball, 56D) (infield hit)
Chano Guzmán to third
Batting: LHB Jesús Reyes 0-0: Ball
1-0: Called Strike
1-1: Foul Ball, location: 2F
1-2: Strikes out swinging
Top of the 5th over - 0 run(s), 2 hit(s), 0 error(s), 2 left on base; York 0 - Myrtle Beach 0
BOTTOM OF THE 5TH
Myrtle Beach Seahawks batting - Pitching for York Revolution : LHP Ramón García
Batting: RHB Jorge Flores 0-0: Called Strike
0-1: Fly out, F5 (Popup, 25F)
Batting: RHB Manuel Rodríguez 0-0: Ball
1-0: Ground out 5-3 (Groundball, 56S)
Batting: RHB Pedro Méndez 0-0: Called Strike
0-1: Swinging Strike
0-2: Foul Ball, location: 2F
0-2: Fly out, F5 (Line Drive, 5)
Bottom of the 5th over - 0 run(s), 0 hit(s), 0 error(s), 0 left on base; York 0 - Myrtle Beach 0
TOP OF THE 6TH
York Revolution batting - Pitching for Myrtle Beach Seahawks : RHP Quentin Bowers
Batting: SHB Zuberi Mccray 0-0: Called Strike
0-1: Ball
1-1: Swinging Strike
1-2: Foul Ball, location: 2F
1-2: Strikes out swinging
Batting: LHB Ángelo Hernández 0-0: Swinging Strike
0-1: Foul Ball, location: 2F
0-2: Ball
1-2: Strikes out swinging
Batting: LHB Harold Wiggins 0-0: Called Strike
0-1: Ball
1-1: Foul Ball, location: 2F
1-2: Strikes out looking
Top of the 6th over - 0 run(s), 0 hit(s), 0 error(s), 0 left on base; York 0 - Myrtle Beach 0
BOTTOM OF THE 6TH
Myrtle Beach Seahawks batting - Pitching for York Revolution : LHP Ramón García
Batting: RHB Rodney Dudley 0-0: Foul Ball, location: 2F
0-1: Bunt for hit - play at first, batter OUT! 1-3
Batting: LHB Ramón Castro 0-0: Ball
1-0: Called Strike
1-1: Swinging Strike
1-2: Strikes out swinging
Batting: SHB Bill Peterson 0-0: Ball
1-0: Swinging Strike
1-1: Ball
2-1: Ball
3-1: Foul Ball, location: 2F
3-2: Ground out 1-3 (Groundball, 15)
Bottom of the 6th over - 0 run(s), 0 hit(s), 0 error(s), 0 left on base; York 0 - Myrtle Beach 0
TOP OF THE 7TH
York Revolution batting - Pitching for Myrtle Beach Seahawks : RHP Quentin Bowers
Batting: LHB Marcos Deleón 0-0: Swinging Strike
0-1: Ball
1-1: SINGLE (Line Drive, 89S)
Pinch Hitting: LHB Michael Nelson 0-0: Bunt missed!
0-1: Sac Bunt - play at first, batter OUT! 1-4
Marcos Deleón to second
Pinch Hitting: LHB Mario Nieves 0-0: Intentional Walk
Pinch Hitting: RHB Alwin Vreekamp 0-0: Ball
1-0: SINGLE (Groundball, 6MD)
Marcos Deleón to third
Mario Nieves to second
Batting: RHB José Urruticodez 0-0: Called Strike
0-1: Foul Ball, location: 2F
0-2: Strikes out swinging
Pitching: RHP Salvador Ramos
Batting: LHB Jesús Reyes 0-0: Ball
1-0: Called Strike
1-1: Ball
2-1: DOUBLE (Line Drive, 7LD)
Marcos Deleón scores
Mario Nieves scores
Alwin Vreekamp to third
Runner from 3rd tries for Home, throw and OUT!
Top of the 7th over - 2 run(s), 3 hit(s), 0 error(s), 1 left on base; York 2 - Myrtle Beach 0
BOTTOM OF THE 7TH
Myrtle Beach Seahawks batting - Pitching for York Revolution : LHP Ramón García
Now at 1B: Mario Nieves
Now at SS: Alwin Vreekamp
Now in LF: Michael Nelson
Batting: RHB León Sánchez 0-0: Ball
1-0: Ball
2-0: Fly out, F8 (Flyball, 8RM)
Batting: LHB Tae-sang Han 0-0: SINGLE (Groundball, 4MD)
Pitching: RHP Juan López
Batting: LHB Gabriel López 0-0: Ball
1-0: Called Strike
1-1: Ball
2-1: Ball
3-1: Grounds into double play, U6-3 (Groundball, 6M)
Bottom of the 7th over - 0 run(s), 1 hit(s), 0 error(s), 0 left on base; York 2 - Myrtle Beach 0
TOP OF THE 8TH
York Revolution batting - Pitching for Myrtle Beach Seahawks : RHP Salvador Ramos
Batting: SHB Zuberi Mccray 0-0: Swinging Strike
0-1: Swinging Strike
0-2: Foul Ball, location: 2F
0-2: Strikes out swinging
Batting: LHB Ángelo Hernández 0-0: Fly out, F6 (Popup, 7S)
Batting: LHB Harold Wiggins 0-0: Ball
1-0: Foul Ball, location: 2F
1-1: Ball
2-1: Ball
3-1: SINGLE (Groundball, 34D)
Batting: LHB Marcos Deleón 0-0: Called Strike
Harold Wiggins is caught stealing 2nd base
Top of the 8th over - 0 run(s), 1 hit(s), 0 error(s), 0 left on base; York 2 - Myrtle Beach 0
BOTTOM OF THE 8TH
Myrtle Beach Seahawks batting - Pitching for York Revolution : RHP Juan López
Now at C: Rafael Crava
Batting: RHB Jorge Flores 0-0: Ball
1-0: Ball
2-0: Foul Ball, location: 2F
2-1: Swinging Strike
2-2: Strikes out swinging
Batting: RHB Manuel Rodríguez 0-0: Ball
1-0: Ground out 6-3 (Groundball, 6)
Batting: RHB Pedro Méndez 0-0: Ball
1-0: Called Strike
1-1: Ball
2-1: Swinging Strike
2-2: Strikes out swinging
Bottom of the 8th over - 0 run(s), 0 hit(s), 0 error(s), 0 left on base; York 2 - Myrtle Beach 0
TOP OF THE 9TH
York Revolution batting - Pitching for Myrtle Beach Seahawks : RHP Salvador Ramos
Batting: LHB Marcos Deleón 0-0: Ball
1-0: Ball
2-0: Foul Ball, location: 2F
2-1: Ball
3-1: Swinging Strike
3-2: Base on Balls
Batting: LHB Michael Nelson 0-0: Bunted foul
0-1: Ball
Marcos Deleón steals 2nd base
1-1: Bunted foul
1-2: Foul Ball, location: 2F
1-2: Ball
2-2: Foul Ball, location: 2F
2-2: Ball
3-2: Base on Balls
Batting: LHB Mario Nieves 0-0: Sac Bunt - play at first, batter OUT! 1-3
Marcos Deleón to third
Michael Nelson to second
Pinch Hitting: RHB José Ruíz 0-0: Intentional Walk
Batting: RHB José Urruticodez 0-0: Swinging Strike
0-1: Foul Ball, location: 2F
0-2: Ball
1-2: Fly out, F9 (Line Drive, 9M)
Runner from 3rd tags up, SCORES, no throw
Batting: LHB Jesús Reyes 0-0: Ball
1-0: Fly out, F8 (Flyball, 8LM)
Top of the 9th over - 1 run(s), 0 hit(s), 0 error(s), 2 left on base; York 3 - Myrtle Beach 0
BOTTOM OF THE 9TH
Myrtle Beach Seahawks batting - Pitching for York Revolution : RHP Juan López
Pitching: RHP Raúl Luna
Now at SS: Manuel García
Batting: RHB Rodney Dudley 0-0: Foul Ball, location: 2F
0-1: Ball
1-1: Foul Ball, location: 2F
1-2: Strikes out swinging
Batting: LHB Ramón Castro 0-0: Called Strike
0-1: Ball
1-1: Foul Ball, location: 2F
1-2: Strikes out swinging
Batting: SHB Bill Peterson 0-0: Called Strike
0-1: Called Strike
0-2: DOUBLE (Flyball, 7LS)
Batting: RHB León Sánchez 0-0: Swinging Strike
0-1: Ball
1-1: Swinging Strike
1-2: Ball
2-2: Strikes out swinging
Bottom of the 9th over - 0 run(s), 1 hit(s), 0 error(s), 1 left on base; York 3 - Myrtle Beach 0
This league is powered by Out of the Park Baseball, the baseball management simulation game for PC, Mac and Linux
Monday, October 3rd, 2016 - OOTP Baseball 16.9 Build 39